 Dungeon Crawl Stone Soup version 0.18-a0-1293-g5a2c81a (webtiles) character file.

24 Ratboiler the Sneak (level 3, 22/26 HPs)
             Began as an Octopode Wanderer on Feb 10, 2016.
             Quit the game on level 1 of the Dungeon.
             The game lasted 00:01:32 (1005 turns).

Ratboiler the Sneak (Octopode Wanderer)             Turns: 1005, Time: 00:01:32

Health: 22/26      AC:  1    Str: 11    XL:     3   Next: 2%
Magic:  3/3        EV: 11    Int: 16    God:
Gold:   40         SH:  0    Dex: 10    Spells: 0 memorised, 2 levels left

rFire  + . .     SeeInvis .     a - +0 whip
rCold  . . .     Gourm    .     (no shield)
rNeg   . . .     Faith    .     (helmet restricted)
rPois  .         Spirit   .     (no amulet)
rElec  .         Dismiss  .     j - ring of protection from fire
rCorr  .         Reflect  .     (no ring)
SustAt .         Harm     .     (no ring)
MR     .....                    (no ring)
Stlth  ++++......               (no ring)
                                (no ring)
                                (no ring)
                                (no ring)

@: not resistant to hostile enchantments, stealthy
A: almost no armour, amphibious, 8 rings, constrict 8, camouflage 1, gelatinous
body 1
a: no special abilities


You were on level 1 of the Dungeon.
You were not hungry.

You visited 1 branch of the dungeon, and saw 1 of its levels.

You collected 40 gold pieces.

Inventory:

Hand Weapons
 a - a +0 whip (weapon)
 d - a +0 club
 e - a +0 dagger
Jewellery
 j - a ring of protection from fire (left tentacle)
Scrolls
 g - a scroll of teleportation {unknown}
 i - a scroll of fear
Potions
 b - a potion of heal wounds
 c - 2 potions of lignification
 h - a potion of cure mutation {unknown}
Comestibles
 f - 2 bread rations
 k - a slice of pizza


   Skills:
 + Level 3.4 Fighting
 - Level 1.0 Dodging
 - Level 4.0 Stealth
 - Level 3.0 Unarmed Combat
   Level 1.1 Evocations


You had 2 spell levels left.
You didn't know any spells.

Dungeon Overview and Level Annotations

Branches:
Dungeon (1/15)

Altars:


Innate Abilities, Weirdness & Mutations

You cannot wear most types of armour.
You are amphibious.
You can wear up to eight rings at the same time.
You can use your tentacles to constrict eight enemies at once.
Your skin changes colour to match your surroundings (Stealth).
Your rubbery body absorbs attacks (AC +1).


Message History

You kill the giant cockroach!
No target in view!
No target in view!
You see here a giant cockroach corpse.
There is a stone staircase leading down here.
You see here 24 stones.
An ooze comes into view.
The ooze quivers.
The ooze barely misses you.
You hit the ooze but do no damage. The ooze hits you.
You hit the ooze. You squeeze the ooze.
The ooze is severely wounded.
The ooze barely misses you.
You hit the ooze.
You kill the ooze!
You have reached level 3!
Your experience leads to an increase in your attributes!
Increase (S)trength, (I)ntelligence, or (D)exterity?
You feel stronger.
Are you sure you want to abandon this character and quit the game? (Confirm with "yes".)

#.#.# #.# #.# #.#.# #.# #.# #.#.#
#.##########.### #.#.# ####
#.#.......##.##. #.#.#
....######(#.......##.##. ###.#.#
#.#.......+............. ....
#.#......##.......##.##. ....
#.#......+...(....).....
##########.#....@.###########.###
..................# #.......
##########.#......########.#.....
#.#............##.#.....
#.#............##.#.....
#.#####........##.#..... #.#
#........##.#.####
#.#####.........#.#.# #
................#.#.# #


There were no monsters in sight!

Vanquished Creatures
  An ooze (D:1)
  A giant gecko (D:1)
  A bat (D:1)
  3 giant cockroaches (D:1)
  4 goblins (D:1)
  2 hobgoblins (D:1)
  A kobold (D:1)
  4 rats (D:1)
17 creatures vanquished.

Notes
Turn   | Place    | Note
--------------------------------------------------------------
     0 | D:1      | Ratboiler the Octopode Wanderer began the quest for the Orb.
     0 | D:1      | Ratboiler set off with: a scroll of fear, a potion of heal wounds, 2 potions of lignification, a +0 club, a +0 dagger, a bread ration
     0 | D:1      | Reached XP level 1. HP: 14/14 MP: 1/1
   115 | D:1      | Reached XP level 2. HP: 20/20 MP: 2/2
  1004 | D:1      | Reached XP level 3. HP: 22/26 MP: 3/3
  1005 | D:1      | Quit the game

Vault maps used:
D:1:      ncdulo_lavacross, st_stairs_13, minmay_misc_feat_hallway

Action                   || total
-------------------------++-------
Melee: Club              ||    13
       Whip              ||    22
 Stab: Sleeping          ||     8
